 Dungeon Crawl Stone Soup version 0.22.1-1-ga44c0e5 (webtiles) character file.

31454 whitewolfNL the Severer (level 13, -7/113 HPs)
             Began as a Minotaur Berserker on Oct 24, 2018.
             Was a High Priest of Trog.
             Killed from afar by Nikola (25 damage)
             ... with a chain lightning
             ... on level 1 of the Snake Pit on Oct 28, 2018.
             The game lasted 02:06:29 (17385 turns).

whitewolfNL the Severer (Minotaur Berserker)       Turns: 17385, Time: 02:06:30

Health: -7/113     AC: 20    Str: 26    XL:     13   Next: 26%
Magic:  7/15       EV: 12    Int:  5    God:    Trog [*****.]
Gold:   973        SH:  0    Dex: 18    Spells: 12/12 levels left

rFire    + . .     SeeInvis .   k - +2 battleaxe (freeze)
rCold    + . .     Gourm    .   (shield currently unavailable)
rNeg     . . .     Faith    .   O - +0 plate armour
rPois    +         Spirit   .   (helmet restricted)
rElec    .         Reflect  .   r - scarf {rC+ rF+}
rCorr    +         Harm     .   (no gloves)
MR       .....                  m - +4 pair of boots "Onogievasm" {Regen+ rCorr Str+4}
Stlth    ..........             (no amulet)
HPRegen  0.68/turn              D - +4 ring of dexterity
MPRegen  0.14/turn              G - ring of poison resistance

@: no status effects
A: retaliatory headbutt, horns 2
a: Berserk, Trog's Hand, Brothers in Arms, Renounce Religion


You were on level 1 of the Snake Pit.
You worshipped Trog.
Trog was extremely pleased with you.
You were not hungry.

You visited 3 branches of the dungeon, and saw 14 of its levels.
You also visited: Ice Cave.

You collected 1116 gold pieces.
You spent 143 gold pieces at shops.

Inventory:

Hand Weapons
 k - a +2 battleaxe of freezing (weapon)
 C - a +0 blowgun
 K - a +2 flail of protection
 N - a +0 hand crossbow
Missiles
 a - 220 arrows
 b - 8 needles of confusion
 i - 12 tomahawks
 n - 7 silver javelins
 o - 4 steel tomahawks
 p - a tomahawk of dispersal
 u - 92 sling bullets
 x - 47 bolts
 E - 54 poisoned needles
 J - 7 exploding tomahawks (quivered)
Armour
 m - the +4 pair of boots "Onogievasm" (worn) {Regen+ rCorr Str+4}
   (You found it on level 6 of the Dungeon)

   It affects your strength (+4).
   It increases your rate of regeneration.
   It provides partial protection from all sources of acid and corrosion.
 r - a scarf of resistance (worn)
 O - a +0 plate armour (worn)
Jewellery
 f - an uncursed ring of protection from cold
 h - an uncursed amulet of faith
 y - an uncursed ring of protection from fire
 D - a +4 ring of dexterity (left hand)
 G - a ring of poison resistance (right hand)
Wands
 d - a wand of paralysis (9)
 w - a wand of digging (8)
 F - a wand of enslavement (14)
 P - a wand of disintegration (12)
 Q - a wand of polymorph (17)
Scrolls
 c - 4 scrolls of enchant weapon
 g - a scroll of identify
 j - 3 scrolls of remove curse
 l - 2 scrolls of enchant armour
 A - a scroll of fog
 M - a scroll of immolation
Potions
 e - a potion of mutation
 q - 2 potions of cancellation
 s - a potion of magic
 t - 2 potions of haste
 v - 2 potions of curing
 z - 2 potions of resistance
 L - a potion of brilliance
 S - a potion of might
Miscellaneous
 H - a phial of floods
Comestibles
 B - 9 rations
 I - 2 chunks of flesh


   Skills:
 + Level 10.0 Fighting
 * Level 18.7 Axes
 - Level 5.2 Throwing
 + Level 11.5 Armour
 - Level 6.6 Dodging
 + Level 2.1 Stealth
 * Level 4.1 Evocations


You had 12 spell levels left.
You didn't know any spells.
Your spell library was empty.

Dungeon Overview and Level Annotations

Branches:
Dungeon (10/15)            Temple (0/1) D:7            Lair (3/6) D:9
  Snake (1/4) Lair:3          Orc (0/2) D:10
  Swamp: Lair:2-4    Shoals: Lair:2-4

Altars:
Ashenzari
Elyvilon
Fedhas
Kikubaaqudgha
Makhleb
Ru
Sif Muna
Trog
Vehumet

Shops:
D:5 }   D:6 %   D:8 !


Innate Abilities, Weirdness & Mutations

You reflexively headbutt those who attack you in melee.
You have a pair of horns on your head.


Message History

You slice Nikola!! You freeze Nikola! Your headbutt misses Nikola.
Nikola is almost dead.
Nikola mumbles some strange words.
Nikola blinks!
You recover from your berserk rage.
Nikola asks, "Are you insulated?"
Things that are here:
a dagger of venom; a glowing robe; a naga corpse You hit Nikola.
You freeze Nikola. You headbutt Nikola, but do no damage.
Nikola is almost dead.
Nikola casts a spell.
You hear a mighty clap of thunder!
The lightning arc hits you!
* * * LOW HITPOINT WARNING * * *
The lightning arc hits Nikola.
Nikola dies!
Your Fighting skill increases to level 10!
Your Evocations skill increases to level 4!
The lightning arc hits you!
You die...

#...# #...# .####
#...# .... . #...#
...# ..####...#
...# ......(..#
...#
.......()#####...#
....((..ยง)@).....#
.#####.....##....#
#.##..##<#### #.
#..##.# #. #..##.#
#. #..##.# ..
....... #. #..##.#
#.#


There were no monsters in sight!

Vanquished Creatures
  A frost giant (IceCv)
  2 death yaks (IceCv)
  An unseen horror (D:10)
  A naga ritualist (Snake:1)
  A mana viper (Snake:1)
  A manticore (Lair:3)
  A salamander (Snake:1)
  4 oklob plants (Lair:3)
  3 black mambas
  A naga mage (Snake:1)
  2 spiny frogs
  2 rime drakes
  4 komodo dragons
  A troll (D:9)
  17 polar bears (IceCv)
  A queen bee (Lair:3)
  A blink frog (Lair:3)
  5 hippogriffs
  6 water moccasins (Lair:3)
  Sigmund (D:4)
  31 yaks
  3 basilisks (Lair:3)
  2 wyverns
  A hungry ghost (D:7)
  A naga (Lair:3)
  7 porcupines
  3 orc warriors
  3 phantoms
  3 sky beasts
  An ice beast (D:7)
  6 ogres
  21 wolves
  2 black bears
  4 centaurs
  A necrophage (D:6)
  4 crocodiles (Lair:3)
  4 bullfrogs
  5 scorpions
  29 killer bees (Lair:3)
  4 howler monkeys
  4 crimson imps
  6 jellies
  A quasit (D:8)
  A centaur zombie (D:5)
  A bullfrog skeleton (D:9)
  2 orc priests (D:4)
  2 hounds
  4 orc wizards
  Terence (D:2)
  10 worker ants
  Natasha (D:4)
  A hell rat (Lair:3)
  4 worker ant zombies
  17 adders
  4 gnolls (D:6)
  2 howler monkey skeletons
  10 white imps (Lair:3)
  5 oozes (D:10)
  An adder zombie (D:5)
  An adder skeleton (D:4)
  4 worms
  2 dart slugs
  4 leopard geckos
  23 orcs
  3 ball pythons
  4 giant cockroaches
  7 goblins
  6 hobgoblins
  6 jackals
  9 kobolds
  6 quokkas
  10 bats
  6 frilled lizards
  A quokka skeleton (D:4)
  4 rats
  2 fungi (D:9)
366 creatures vanquished.

Vanquished Creatures (collateral kills)
  A white imp (Lair:3)
1 creature vanquished.

Vanquished Creatures (others)
  Nikola (Snake:1)
  A wizard (D:4)
  A hippogriff (Lair:3)
  A white imp (Lair:3)
  14 fungi (D:9)
  A plant (D:9)
19 creatures vanquished.

Grand Total: 386 creatures vanquished

Notes
Turn   | Place    | Note
-------+----------+-------------------------------------------
     0 | D:1      | whitewolfNL the Minotaur Berserker began the quest for the
                  | Orb.
     0 | D:1      | Reached XP level 1. HP: 19/19 MP: 0/0
   309 | D:1      | Reached skill level 4 in Axes
   321 | D:1      | Reached XP level 2. HP: 16/27 MP: 1/1
  1632 | D:2      | Reached XP level 3. HP: 28/33 MP: 2/2
  1781 | D:2      | Reached ** piety under Trog
  1865 | D:2      | Noticed Terence
  1872 | D:2      | Killed Terence
  1872 | D:2      | Reached skill level 5 in Axes
  1872 | D:2      | Reached XP level 4. HP: 40/40 MP: 3/3
  3173 | D:3      | Reached XP level 5. HP: 39/47 MP: 4/4
  3248 | D:3      | Reached *** piety under Trog
  3753 | D:4      | Reached skill level 6 in Axes
  4429 | D:4      | Reached XP level 6. HP: 42/53 MP: 5/5
  4447 | D:4      | You fall through a shaft for 2 floors!
  4485 | D:5      | Entered Level 5 of the Dungeon
  4748 | D:5      | Reached skill level 7 in Axes
  4963 | D:4      | Noticed Sigmund
  5000 | D:4      | Killed Sigmund
  5000 | D:4      | Reached skill level 5 in Armour
  5000 | D:4      | Reached XP level 7. HP: 17/60 MP: 6/6
  5385 | D:4      | Found a shattered altar of Ashenzari.
  5385 | D:4      | Found a burning altar of Makhleb.
  5393 | D:4      | Found a blossoming altar of Fedhas.
  5403 | D:4      | Found a sacrificial altar of Ru.
  5404 | D:4      | Found an ancient bone altar of Kikubaaqudgha.
  5406 | D:4      | Reached skill level 1 in Stealth
  5809 | D:4      | Noticed Natasha
  5814 | D:4      | Killed Natasha
  5814 | D:4      | Reached skill level 8 in Axes
  5817 | D:4      | Found a bloodstained altar of Trog.
  5819 | D:4      | Noticed a wizard
  5823 | D:4      | Killed a wizard
  5945 | D:5      | Found Peabb's Gadget Emporium.
  6243 | D:5      | Reached skill level 5 in Fighting
  7437 | D:6      | Reached XP level 8. HP: 68/68 MP: 7/7
  7484 | D:6      | Reached skill level 9 in Axes
  7526 | D:6      | Found a radiant altar of Vehumet.
  7963 | D:6      | Got a pair of spiked boots
  7986 | D:6      | Found Nuityme's Food Emporium.
  7999 | D:6      | Reached skill level 10 in Axes
  8098 | D:6      | Identified the +4 pair of boots "Onogievasm" {Regen+ rCorr
                  | Str+4} (You found it on level 6 of the Dungeon)
  8142 | D:6      | Found a deep blue altar of Sif Muna.
  8458 | D:7      | Reached **** piety under Trog
  8547 | D:7      | Reached skill level 11 in Axes
  8568 | D:7      | Reached XP level 9. HP: 66/75 MP: 8/8
  8707 | D:7      | Found a staircase to the Ecumenical Temple.
  8863 | D:7      | Found a bloodstained altar of Trog.
  9194 | D:8      | Found Uchomi's Distillery.
  9318 | D:8      | You fall through a shaft for 2 floors!
  9318 | D:10     | Entered Level 10 of the Dungeon
  9375 | D:10     | Found a staircase to the Orcish Mines.
  9380 | D:10     | Reached skill level 12 in Axes
 10194 | D:10     | Reached skill level 13 in Axes
 10246 | D:10     | Killed an unseen horror
 10246 | D:10     | Reached XP level 10. HP: 35/84 MP: 9/9
 11060 | D:8      | Found a white marble altar of Elyvilon.
 11836 | D:8      | Bought a potion of heal wounds for 55 gold pieces
 11836 | D:8      | Bought a potion of might for 44 gold pieces
 11836 | D:8      | Bought a potion of might for 44 gold pieces
 12282 | D:9      | Reached skill level 14 in Axes
 12300 | D:9      | Found a staircase to the Lair.
 12333 | D:9      | Reached skill level 1 in Throwing
 12518 | Lair:1   | Entered Level 1 of the Lair of Beasts
 13041 | Lair:1   | Noticed a spiny frog
 13045 | Lair:1   | Reached skill level 5 in Dodging
 13047 | Lair:1   | Killed a spiny frog
 13720 | Lair:2   | You fall through a shaft!
 13720 | Lair:3   | Found a frozen archway.
 13773 | IceCv    | Entered an ice cave
 13776 | IceCv    | Reached XP level 11. HP: 92/92 MP: 10/10
 13802 | IceCv    | Reached skill level 15 in Axes
 14325 | IceCv    | Reached skill level 16 in Axes
 14342 | IceCv    | Reached skill level 10 in Armour
 14442 | IceCv    | Noticed a death yak
 14450 | IceCv    | Killed a death yak
 14450 | IceCv    | Reached skill level 5 in Throwing
 14949 | IceCv    | Noticed a frost giant
 14949 | IceCv    | Noticed a death yak
 14968 | IceCv    | Killed a death yak
 14968 | IceCv    | Reached XP level 12. HP: 66/103 MP: 11/11
 15582 | IceCv    | Killed a frost giant
 15582 | IceCv    | Reached skill level 1 in Evocations
 15705 | Lair:3   | Found a staircase to the Snake Pit.
 15948 | Lair:3   | Reached skill level 17 in Axes
 16034 | Lair:3   | Received a gift from Trog
 16073 | Lair:3   | Reached ***** piety under Trog
 16314 | Lair:3   | Reached skill level 18 in Axes
 16931 | Lair:3   | Received a gift from Trog
 17312 | Snake:1  | Entered Level 1 of the Snake Pit
 17320 | Snake:1  | Reached XP level 13. HP: 111/112 MP: 14/14
 17370 | Snake:1  | Noticed Nikola
 17385 | Snake:1  | Killed Nikola
 17385 | Snake:1  | Reached skill level 10 in Fighting
 17385 | Snake:1  | Killed from afar by Nikola

Skill      XL: |  1  2  3  4  5  6  7  8  9 10 11 12 13 |
---------------+----------------------------------------+-----
Axes           | 4 5 6 7 8 11 13 14 16 18 | 18.7
Fighting       | 4 5 6 7 8 9 10 | 10.0
Armour         | 3 5 6 7 8 9 10 11 | 11.5
Dodging        | 3 4 5 6 |  6.6
Stealth        | 1 2 |  2.1
Throwing       | 3 5 |  5.2
Evocations     | 3 4 |  4.1

Action                   |  1- 3 |  4- 6 |  7- 9 | 10-12 | 13-15 || total
-------------------------+-------+-------+-------+-------+-------++-------
Melee: Hand axe          |    55 |    42 |       |       |       ||    97
       Headbutt          |     9 |    19 |    54 |   134 |    10 ||   226
       War axe           |       |   110 |    65 |       |       ||   175
       Battleaxe         |       |       |   150 |   461 |    30 ||   641
       Mace              |       |       |     1 |       |       ||     1
Throw: Javelin           |       |       |       |    36 |       ||    36
       Stone             |       |       |       |    12 |       ||    12
       Tomahawk          |       |       |       |     3 |     8 ||    11
Invok: Berserk           |     2 |     5 |    11 |    20 |     1 ||    39
       Brothers in Arms  |       |       |       |     1 |       ||     1
Evoke: Wand              |       |       |       |    15 |     3 ||    18
  Use: Scroll            |       |     9 |     3 |    10 |       ||    22
       Potion            |       |     1 |       |     5 |       ||     6
 Stab: Sleeping          |     1 |       |       |       |       ||     1
       Invisible         |       |       |       |     4 |       ||     4
       Paralysed         |       |       |       |     1 |       ||     1
  Eat: Chunk             |     1 |     8 |    14 |    23 |     1 ||    47
       Ration            |     1 |     2 |     5 |     5 |       ||    13
Armor: Animal skin       |     5 |       |       |       |       ||     5
       Leather armour    |     5 |       |       |       |       ||     5
       Scale mail        |       |    63 |    16 |       |       ||    79
       Plate armour      |       |       |   147 |   291 |     6 ||   444
       Acid dragon scale |       |       |     6 |       |       ||     6
Dodge: Dodged            |    50 |    90 |   121 |   271 |    14 ||   546
